 Dungeon Crawl Stone Soup version 0.29-a0-219-g0a02b1cf4f (webtiles) character file.

Game seed: 1456600570680056859

267 bande the Covered (level 6, -5/38 HPs)
             Began as a Gargoyle Fighter on Feb 25, 2022.
             Slain by BIGUP's ghost (7 damage)
             ... on level 2 of the Dungeon.
             The game lasted 00:04:33 (3700 turns).

bande the Covered (Gargoyle Fighter)                Turns: 3700, Time: 00:04:33

Health: -5/38      AC: 11    Str: 20    XL:     6   Next: 21%
Magic:  6/6        EV:  9    Int:  8    God:
Gold:   135        SH:  5    Dex: 17    Spells: 5/5 levels left

rFire   . . .      SeeInvis .   a - +0 war axe
rCold   . . .      Faith    .   c - +0 buckler
rNeg    + . .      Spirit   .   b - +0 scale mail
rPois   ∞          Reflect  .   (no helmet)
rElec   +          Harm     .   (no cloak)
rCorr   .          Rampage  .   (no gloves)
Will    .....                   (no boots)
Stlth   ..........              (no amulet)
HPRegen 0.12/turn               n - +6 ring of dexterity
MPRegen 0.10/turn               (no ring)

@: mighty
A: sickness immunity, AC +4, negative energy resistance 1, electricity
resistance, torment resistance 1, petrification resistance
a: no special abilities


You were on level 2 of the Dungeon.
You visited 1 branch of the dungeon, and saw 3 of its levels.

You collected 135 gold pieces.

Inventory:

Hand Weapons
 a - a +0 war axe (weapon)
 m - a +0 flail
 p - the +2 flail "Biletuem" {drain, *Rage Fly rPois rCorr}
   (You found it on level 3 of the Dungeon)

   A truly terrible weapon, it drains the life of any living foe it strikes.
   rPois:     It protects you from poison.
   Fly:       It grants you flight.
   *Rage:     It berserks you when you make melee attacks (+20% chance).
   rCorr:     It protects you from acid and corrosion.
Armour
 b - a +0 scale mail (worn)
 c - a +0 buckler (worn)
Jewellery
 n - a +6 ring of dexterity (left hand)
Scrolls
 e - 2 scrolls of teleportation {unknown}
 j - a scroll of blinking {unknown}
 k - a scroll of magic mapping {unknown}
 l - a scroll of enchant armour {unknown}
 o - a scroll of noise {unknown}
Potions
 d - a potion of might
 f - a potion of brilliance {unknown}
 g - a potion of attraction {unknown}
 h - a potion of degeneration {unknown}
 i - a potion of curing {unknown}


   Skills:
 + Level 4.2 Fighting
 + Level 4.2 Axes
 + Level 4.4 Armour
 + Level 3.9 Shields


You had 5 spell levels left.
You didn't know any spells.
Your spell library was empty.

Dungeon Overview and Level Annotations

Branches:
Dungeon (3/15)

Altars:

Annotations:
D:2 BIGUP's ghost, weakling GrGl


Innate Abilities, Weirdness & Mutations

You are immune to sickness and miasma.
Your stone body is resilient. (AC +4)
You are immune to poison.
You resist negative energy. (rN+)
You are resistant to electric shocks. (rElec)
You are resistant to unholy torment.
You are immune to petrification.


Message History

BIGUP's ghost hits you but does no damage.
You barely miss BIGUP's ghost. BIGUP's ghost hits you!
You closely miss BIGUP's ghost.
BIGUP's ghost hits you but does no damage.
You block BIGUP's ghost's attack.
You barely miss BIGUP's ghost. BIGUP's ghost barely misses you.
You hit BIGUP's ghost but do no damage. BIGUP's ghost hits you.
You block BIGUP's ghost's attack.
You climb upwards.
There is a stone staircase leading down here.
You hit BIGUP's ghost but do no damage.
BIGUP's ghost hits you but does no damage.
BIGUP's ghost hits you.
You hit BIGUP's ghost but do no damage. BIGUP's ghost hits you.
You feel very mighty all of a sudden.
BIGUP's ghost hits you but does no damage.
You hit BIGUP's ghost but do no damage. You block BIGUP's ghost's attack.
You barely miss BIGUP's ghost.
BIGUP's ghost hits you but does no damage.
You block BIGUP's ghost's attack.
You closely miss BIGUP's ghost. BIGUP's ghost barely misses you.
You closely miss BIGUP's ghost. BIGUP's ghost hits you.
You closely miss BIGUP's ghost.
BIGUP's ghost hits you but does no damage.
You miss BIGUP's ghost.
BIGUP's ghost hits you but does no damage.
You block BIGUP's ghost's attack.
You slash BIGUP's ghost!
BIGUP's ghost is heavily damaged.
BIGUP's ghost hits you.
* * * LOW HITPOINT WARNING * * *
You barely miss BIGUP's ghost.
BIGUP's ghost is heavily damaged.
BIGUP's ghost hits you!
* * * LOW HITPOINT WARNING * * *
You hit BIGUP's ghost.
BIGUP's ghost is severely damaged.
BIGUP's ghost hits you but does no damage.
BIGUP's ghost hits you!
You die...

.....(.# #.# #...###...........
.......###.### #>#.##..#######.##
#..###.......###...##.########.#
#..#######.#......##..##.......#
...†..............##.###......##
............####.....###......#
...........................#####
............####(###...........##
............#...@.(.<....#.###...
............#.[W).##.#####.# ####
........)......#####.# #.#
...............#####.# #.###
............###..(...# #...#
#.##........##..###### ###.####
#.##.##...##...## #.#...
#.##....#....### #.#...
#.######..#### #.#..#


You could see BIGUP's ghost.

Vanquished Creatures
  A kobold brigand (D:2)
  A scorpion (D:2)
  3 gnolls (D:2)
  3 adders
  A worm (D:3)
  4 dart slugs
  An orc (D:3)
  4 endoplasms
  3 giant cockroaches
  5 goblins
  5 hobgoblins
  4 jackals (D:1)
  12 kobolds
  2 quokkas
  3 ball pythons
  8 bats
  4 frilled lizards
  3 rats
  A spectral hobgoblin (D:1)
68 creatures vanquished.

Notes
Turn   | Place    | Note
-------+----------+-------------------------------------------
     0 | D:1      | bande the Gargoyle Fighter began the quest for the Orb.
     0 | D:1      | Reached XP level 1. HP: 14/14 MP: 1/1
   121 | D:1      | Reached XP level 2. HP: 8/19 MP: 2/2
   855 | D:1      | Reached XP level 3. HP: 23/23 MP: 3/3
   871 | D:1      | Found a faded altar of an unknown god.
  1480 | D:2      | Reached XP level 4. HP: 20/29 MP: 4/4
  1886 | D:2      | Noticed a scorpion
  1896 | D:2      | Killed a scorpion
  1897 | D:2      | Reached XP level 5. HP: 32/33 MP: 5/5
  2310 | D:3      | Found a runed translucent gate.
  2310 | D:3      | Found a runed translucent gate.
  2311 | D:3      | Noticed a kobold brigand
  2315 | D:3      | Found a runed translucent gate.
  2315 | D:3      | Noticed BIGUP's ghost (weakling GrGl)
  2823 | D:3      | Identified the +2 flail "Biletuem" {drain, *Rage Fly rPois
                  | rCorr}
  3248 | D:3      | Paralysed by a kobold for 4 turns
  3383 | D:2      | Killed a kobold brigand
  3384 | D:2      | Reached XP level 6. HP: 30/38 MP: 6/6
  3700 | D:2      | Slain by BIGUP's ghost

Illustrated notes

Levels and vault maps discovered:
D:1:      minmay_arrival_four_houses, layout_basic,
          dreamdust_ecumenical_altar_drowned_temple, bh_walls_and_bars
D:2:      layout_rooms
D:3:      layout_loops_ring, gammafunk_ghost_nasty_kobolds

Skill      XL: |  1  2  3  4  5 |
---------------+----------------+-----
Axes           | 2 3 4 |  4.2
Fighting       | 4 |  4.2
Armour         | 4 |  4.4
Shields        | |  3.9

Action                   |  1- 3 |  4- 6 || total
-------------------------+-------+-------++-------
Melee: War axe           |    92 |   121 ||   213
       Unarmed           |       |    18 ||    18
  Use: Potion            |       |     1 ||     1
Armor: Scale mail        |    53 |    73 ||   126
       Skin              |       |     5 ||     5
Dodge: Dodged            |    51 |    77 ||   128
Block: Buckler           |    20 |    38 ||    58

Table legend: (Time is in decaauts)
 A = Elapsed time spent in this place.
 B = Non-inter-level travel time spent in this place.
 C = Inter-level travel time spent in this place.
 D = Time resting spent in this place.
 E = Time spent auto-exploring this place.
 F = Levels seen in this place.
 G = Mean time per level.
                   A        B        C        D        E       F      G
               +--------+--------+--------+--------+--------+-----+--------+
         Total |   3786 |   3779 |      7 |   1121 |   2014 |   3 | 1262.0 |
       Dungeon |   3786 |   3779 |      7 |   1121 |   2014 |   3 | 1262.0 |
               +--------+--------+--------+--------+--------+-----+--------+

Top non-repeatable levels by time:
     D:1: 1515 daAuts
     D:2: 1250 daAuts
     D:3: 1020 daAuts
